 Dungeon Crawl Stone Soup version 0.29-a0-492-g10b964d8d7 (webtiles) character file.

Game seed: 17226037261381928666

449 Ijustatesigmund the Firebug (level 7, 0/50 HPs)
             Began as a Gnoll Fire Elementalist on May 27, 2022.
             Slain by Edmund
             ... wielding a +3 flail of protection
              (8 damage)
             ... on level 4 of the Dungeon.
             The game lasted 00:07:09 (4923 turns).

Ijustatesigmund the Firebug (GnFE)                  Turns: 4923, Time: 00:07:09

Health: 0/50       AC:  5    Str: 13    XL:     7   Next: 4%
Magic:  14/15      EV: 14    Int: 17    God:
Gold:   177        SH:  0    Dex: 15    Spells: 14/17 levels left

rFire   . . .      SeeInvis .   c - +1 hand axe (freeze)
rCold   . . .      Faith    .   (no shield)
rNeg    . . .      Spirit   .   a - +0 robe
rPois   .          Reflect  .   (no helmet)
rElec   .          Harm     .   i - +1 cloak
rCorr   .          Rampage  .   m - +0 pair of gloves {Dex+3}
Will    .....                   (no boots)
Stlth   +++.......              (no amulet)
HPRegen 0.16/turn               e - +6 ring of strength
MPRegen 0.14/turn               (no ring)

@: mighty, brilliant
A: fangs 1, strong nose, distributed training
a: no special abilities


You were on level 4 of the Dungeon.
You visited 1 branch of the dungeon, and saw 4 of its levels.

You collected 177 gold pieces.

Inventory:

Hand Weapons
 c - a +1 hand axe of freezing (weapon)
Missiles
 h - 2 silver boomerangs
Armour
 a - a +0 robe (worn)
 i - a +1 cloak (worn)
 m - a +0 pair of gloves of dexterity (worn)
Jewellery
 e - a +6 ring of strength (left hand)
Wands
 o - a wand of paralysis (3)
Scrolls
 d - a scroll of enchant armour {unknown}
 f - a scroll of enchant weapon {unknown}
 g - a scroll of vulnerability {unknown}
 k - 3 scrolls of teleportation {unknown}
 n - 4 scrolls of identify {unknown}
 q - a scroll of fog {unknown}
 r - a scroll of magic mapping {unknown}
Potions
 l - a potion of brilliance


   Skills:
 + Level 2.2 Fighting
 + Level 2.2 Short Blades
 + Level 2.2 Long Blades
 + Level 2.2 Axes
 + Level 2.2 Maces & Flails
 + Level 2.2 Polearms
 + Level 2.2 Staves
 + Level 2.2 Slings
 + Level 2.2 Bows
 + Level 2.2 Crossbows
 + Level 2.2 Throwing
 + Level 2.2 Armour
 + Level 5.1 Dodging
 + Level 4.7 Stealth
 + Level 2.2 Shields
 + Level 2.2 Unarmed Combat
 + Level 5.5 Spellcasting
 + Level 2.8 Conjurations
 + Level 1.8 Hexes
 + Level 1.8 Summonings
 + Level 1.8 Necromancy
 + Level 1.8 Translocations
 + Level 1.8 Transmutations
 + Level 5.7 Fire Magic
 + Level 1.8 Ice Magic
 + Level 1.8 Air Magic
 + Level 1.8 Earth Magic
 + Level 1.8 Poison Magic
 + Level 2.4 Invocations
 + Level 2.2 Evocations


You had 14 spell levels left.
You knew the following spells:

 Your Spells              Type           Power      Damage    Failure   Level
a - Foxfire               Conj/Fire      100%       2x1d9     2%          1
b - Scorch                Fire           72%        2d9       1%          2

Your spell library contained the following spells:

 Spells                   Type           Power      Damage    Failure   Level
 Conjure Flame            Conj/Fire      28%        6-21      7%          3
 Inner Flame              Hex/Fire       26%        N/A       9%          3
 Ensorcelled Hibernation  Hex/Ice        32%        N/A       10%         2
 Passwall                 Tmut/Erth      13%        N/A       10%         2
 Swiftness                Air            16%        N/A       19%         3
 Flame Wave               Conj/Fire      28%        2d8       22%         4


Dungeon Overview and Level Annotations

Branches:
Dungeon (4/15)
 Temple: D:4-7

Altars:
Ashenzari
Elyvilon
Gozag
Vehumet

Shops:
D:4 =

Annotations:
D:4 Edmund


Innate Abilities, Weirdness & Mutations

You have very sharp teeth.
Your uncanny sense of smell can sniff out nearby items.
Your experience applies equally to all skills.


Message History

Edmund is heavily wounded.
Edmund completely misses you.
Edmund hits you with a +3 flail of protection!
Casting: Scorch (safe; 1% risk of failure)
Confirm with . or Enter, or press ? or * to list all spells.
Flames lash Edmund.
Edmund is heavily wounded.
Edmund hits you with a +3 flail of protection.
Edmund hits you with a +3 flail of protection!
Casting: Scorch (safe; 1% risk of failure)
Confirm with . or Enter, or press ? or * to list all spells.
Flames lash Edmund but do no damage.
Edmund hits you with a +3 flail of protection!
* * * LOW HITPOINT WARNING * * *
Edmund closely misses you. Magic courses through your body.
Edmund hits you with a +3 flail of protection.
* * * LOW HITPOINT WARNING * * *
It was a potion of brilliance.
You feel clever all of a sudden.
Edmund hits you with a +3 flail of protection!
* * * LOW HITPOINT WARNING * * *
You feel better. Edmund completely misses you.
It was a potion of might.
You feel very mighty all of a sudden. Edmund misses you.
You barely miss Edmund.
Edmund is heavily wounded.
Edmund closely misses you.
You barely miss Edmund.
Edmund is heavily wounded.
Edmund hits you with a +3 flail of protection.
* * * LOW HITPOINT WARNING * * *
Edmund barely misses you.
Casting: Scorch (safe; 1% risk of failure)
Confirm with . or Enter, or press ? or * to list all spells.
You feel a surge of power!
Flames lash Edmund.
Edmund is burned terribly!
Edmund is severely wounded.
Edmund hits you with a +3 flail of protection!
You die...

#.......#.....# #########.......#
..# ............###.# #.##
##..........###.###.†.
....................#
#######.#########..#######.##..#.
.<......#...............)#.......
........# ..#...........##....###
........### ##)#@........#..#.#
........PP# ###@######..#..#...
........PP# ... .#..#####
....###.PP# ..... #..#
.##.###...################..#
.##.........................####
....##......########.............
.############ ############## .#


You could see Edmund (combustible).

Vanquished Creatures
  2 scorpions (D:4)
  3 orc priests
  Terence (D:3)
  An orc wizard (D:3)
  5 adders
  3 gnolls (D:3)
  2 ufetubi
  4 worms
  3 dart slugs
  9 orcs
  8 endoplasms
  6 giant cockroaches
  6 goblins
  9 hobgoblins
  A quokka (D:1)
  8 ball pythons
  4 bats
  4 frilled lizards
  6 kobolds
  5 rats
90 creatures vanquished.

Vanquished Creatures (others)
  123 foxfires
123 creatures vanquished.

Grand Total: 213 creatures vanquished

Notes
Turn   | Place    | Note
-------+----------+-------------------------------------------
     0 | D:1      | Ijustatesigmund the Gnoll Fire Elementalist began the quest
                  | for the Orb.
     0 | D:1      | Reached XP level 1. HP: 13/13 MP: 6/6
     2 | D:1      | Found a faded altar of an unknown god.
   123 | D:1      | Reached XP level 2. HP: 19/19 MP: 3/7
   126 | D:1      | Learned a level 2 spell: Scorch
  1126 | D:2      | Reached XP level 3. HP: 24/25 MP: 7/9
  1135 | D:2      | Reached skill level 5 in Spellcasting
  1302 | D:2      | Found a white marble altar of Elyvilon.
  1465 | D:2      | Reached skill level 1 in Invocations
  1632 | D:2      | Reached skill level 1 in Fighting
  1632 | D:2      | Reached skill level 1 in Short Blades
  1632 | D:2      | Reached skill level 1 in Long Blades
  1632 | D:2      | Reached skill level 1 in Axes
  1632 | D:2      | Reached skill level 1 in Maces & Flails
  1632 | D:2      | Reached skill level 1 in Polearms
  1632 | D:2      | Reached skill level 1 in Staves
  1632 | D:2      | Reached skill level 1 in Slings
  1632 | D:2      | Reached skill level 1 in Bows
  1632 | D:2      | Reached skill level 1 in Crossbows
  1632 | D:2      | Reached skill level 1 in Throwing
  1632 | D:2      | Reached skill level 1 in Armour
  1632 | D:2      | Reached skill level 1 in Shields
  1632 | D:2      | Reached skill level 1 in Unarmed Combat
  1632 | D:2      | Reached skill level 1 in Evocations
  1633 | D:2      | Reached XP level 4. HP: 31/32 MP: 7/11
  2466 | D:3      | Found a radiant altar of Vehumet.
  2553 | D:3      | Reached skill level 1 in Hexes
  2553 | D:3      | Reached skill level 1 in Summonings
  2553 | D:3      | Reached skill level 1 in Necromancy
  2553 | D:3      | Reached skill level 1 in Translocations
  2553 | D:3      | Reached skill level 1 in Transmutations
  2553 | D:3      | Reached skill level 1 in Ice Magic
  2553 | D:3      | Reached skill level 1 in Air Magic
  2553 | D:3      | Reached skill level 1 in Earth Magic
  2553 | D:3      | Reached skill level 1 in Poison Magic
  2569 | D:3      | Reached XP level 5. HP: 11/37 MP: 3/12
  3391 | D:3      | Noticed Terence
  3408 | D:3      | Killed Terence
  3652 | D:3      | Reached XP level 6. HP: 44/44 MP: 9/13
  4107 | D:4      | Found Iryirph's Jewellery Emporium.
  4174 | D:4      | Found an opulent altar of Gozag.
  4197 | D:4      | Reached skill level 5 in Dodging
  4576 | D:4      | Reached XP level 7. HP: 50/50 MP: 6/15
  4880 | D:4      | Found a broken altar of Ashenzari.
  4902 | D:4      | Noticed Edmund
  4918 | D:4      | HP: 2/50 [Edmund/+3 flail of protection (8)]
  4923 | D:4      | Slain by Edmund

Illustrated notes

Levels and vault maps discovered:
D:1:      wander_arrival_lonely_grave, layout_basic, basic_ecumenical_altar,
          dreamdust_princess_bridge
D:2:      layout_loops_cross, basic_altar, nrook_campfire
D:3:      layout_basic, mainiacjoe_overflow_catwalk, minmay_quantized,
          uniq_terence
D:4:      layout_basic, nicolae_ashenzari_panopticon,
          mainiacjoe_overflow_24_doors, serial_shops, nicolae_shop_stone,
          sigmund_edmund_badplayer

Skill      XL: |  1  2  3  4  5  6 |
---------------+-------------------+-----
Conjurations   | 2 |  2.8
Spellcasting   | 5 |  5.5
Invocations    | 1 2 |  2.4
Fighting       | 1 2 |  2.2
Short Blades   | 1 2 |  2.2
Long Blades    | 1 2 |  2.2
Axes           | 1 2 |  2.2
Maces & Flails | 1 2 |  2.2
Polearms       | 1 2 |  2.2
Staves         | 1 2 |  2.2
Slings         | 1 2 |  2.2
Bows           | 1 2 |  2.2
Crossbows      | 1 2 |  2.2
Throwing       | 1 2 |  2.2
Armour         | 1 2 |  2.2
Shields        | 1 2 |  2.2
Unarmed Combat | 1 2 |  2.2
Evocations     | 1 2 |  2.2
Hexes          | 1 |  1.8
Summonings     | 1 |  1.8
Necromancy     | 1 |  1.8
Translocations | 1 |  1.8
Transmutations | 1 |  1.8
Ice Magic      | 1 |  1.8
Air Magic      | 1 |  1.8
Earth Magic    | 1 |  1.8
Poison Magic   | 1 |  1.8
Dodging        | 5 |  5.1
Stealth        | |  4.7
Fire Magic     | |  5.7

Action                   |  1- 3 |  4- 6 |  7- 9 || total
-------------------------+-------+-------+-------++-------
Melee: Hand axe          |    18 |    67 |    14 ||    99
       Bite              |     1 |     3 |       ||     4
       Punch             |       |     1 |     2 ||     3
 Cast: Foxfire           |    40 |    32 |     1 ||    73
       Scorch            |     3 |    29 |    12 ||    44
  Use: Potion            |       |     2 |     4 ||     6
 Stab: Sleeping          |     2 |     3 |       ||     5
Armor: Robe              |     5 |    19 |    11 ||    35
Dodge: Dodged            |    22 |    66 |    35 ||   123

Table legend: (Time is in decaauts)
 A = Elapsed time spent in this place.
 B = Non-inter-level travel time spent in this place.
 C = Inter-level travel time spent in this place.
 D = Time resting spent in this place.
 E = Time spent auto-exploring this place.
 F = Levels seen in this place.
 G = Mean time per level.
                   A        B        C        D        E       F      G
               +--------+--------+--------+--------+--------+-----+--------+
         Total |   4944 |   4856 |     88 |   1214 |   2976 |   4 | 1236.0 |
       Dungeon |   4944 |   4856 |     88 |   1214 |   2976 |   4 | 1236.0 |
               +--------+--------+--------+--------+--------+-----+--------+

Top non-repeatable levels by time:
     D:3: 1621 daAuts
     D:2: 1175 daAuts
     D:1: 1123 daAuts
     D:4: 1023 daAuts
